[Event "Titled Tuesday Blitz August 16 Late 2022"]
[White "Krzywda, Andrzej"]
[Black "Moore, Alex"]
[WhiteFideId "1114565"]
[BlackFideId "30910692"]
[WhiteElo "2098"]
[BlackElo "1912"]
[Result "1-0"]
[Round "02"]
[TimeControl "180+1"]
[Date "2022.08.18"]
[WhiteClock "0:00:00"]
[BlackClock "0:00:00"]

1. d4 d5 2. c4 dxc4 3. e4 Nf6 4. e5 Nd5 5. Bxc4 e6 6. Nc3 Nd7 7. Nxd5 exd5 8. Bxd5 Bb4+ 9. Bd2 Bxd2+ 10. Qxd2 O-O 11. Nf3 Nb6 12. Be4 c6 13. O-O Bg4 14. Rfe1 Qd7 15. Rad1 Rad8 16. b3 Rfe8 17. Qg5 Bxf3 18. Bxf3 Nd5 19. h4 Qe7 20. Qg3 Qb4 21. h5 Ne7 22. Qf4 c5 23. e6 fxe6 24. Rxe6 Rxd4 25. Rxd4 Qxd4 26. Qxd4 cxd4 27. Bxb7 Kf7 28. Rd6 Nf5 29. Rd7+ Re7 30. Rxe7+ Kxe7 31. Be4 Nd6 32. Bxh7 Nb5 33. Kf1 Kf6 34. Bd3 Ke5 35. Bxb5 1-0


[Site "https://www.chess.com"]

[Event "Titled Tuesday Blitz August 16 Late 2022"]
[White "Lagowski, Patryk"]
[Black "Holt, Conrad"]
[WhiteFideId "1114611"]
[BlackFideId "2034387"]
[WhiteElo "2274"]
[BlackElo "2586"]
[Result "0-1"]
[Round "02"]
[TimeControl "180+1"]
[Date "2022.08.18"]
[WhiteClock "0:00:00"]
[BlackClock "0:00:00"]

1. d4 d5 2. c4 c6 3. Nf3 Nf6 4. Nc3 dxc4 5. e3 b5 6. a4 b4 7. Nb1 Ba6 8. Ne5 Qd5 9. Nd2 c3 10. Ndc4 cxb2 11. Bxb2 e6 12. Be2 Qxg2 13. Bf3 Qh3 14. Na5 Bd6 15. Nec4 Bc7 16. Rg1 Qxh2 17. Rxg7 Rg8 18. Rxg8+ Nxg8 19. Qd2 Bxa5 20. Be2 Qh1+ 21. Bf1 Bxc4 22. O-O-O Bxf1 23. Qc2 Nd7 24. d5 cxd5 25. Qc6 Rd8 26. Qb5 Rc8+ 27. Kb1 Qe4+ 28. Ka1 Bxb5 0-1


[Site "https://www.chess.com"]

[Event "Titled Tuesday Blitz August 16 Late 2022"]
[White "Lamaze, Simon"]
[Black "Kevlishvili, Robby"]
[WhiteFideId "36069264"]
[BlackFideId "1040634"]
[WhiteElo "2131"]
[BlackElo "2585"]
[Result "0-1"]
[Round "02"]
[TimeControl "180+1"]
[Date "2022.08.18"]
[WhiteClock "0:00:00"]
[BlackClock "0:00:00"]

1. d4 d5 2. c4 e6 3. Nf3 Nf6 4. g3 dxc4 5. Bg2 Bd7 6. Ne5 Bc6 7. Nxc6 Nxc6 8. O-O Qd7 9. e3 Rd8 10. Qe2 e5 11. Qxc4 exd4 12. exd4 Nxd4 13. Bxb7 c5 14. Bg2 Be7 15. Nc3 O-O 16. Bg5 Qf5 17. Bxf6 Bxf6 18. Nd5 Rc8 19. Nxf6+ Qxf6 20. Rac1 a5 21. Rfe1 g6 22. Re3 Rfd8 23. b3 Kg7 24. Qc3 Re8 25. Rxe8 Rxe8 26. Bf1 h5 27. h4 Re2 28. f4 Rxa2 29. Qe3 Rb2 30. Rxc5 Rxb3 31. Qe5 Nf3+ 0-1


[Site "https://www.chess.com"]

[Event "Titled Tuesday Blitz August 16 Late 2022"]
[White "Leitao, Rafael"]
[Black "Olenik Campa, Rudi"]
[WhiteFideId "2101246"]
[BlackFideId "14633264"]
[WhiteElo "2609"]
[BlackElo "2008"]
[Result "1-0"]
[Round "02"]
[TimeControl "180+1"]
[Date "2022.08.18"]
[WhiteClock "0:00:00"]
[BlackClock "0:00:00"]

1. c4 g6 2. g3 Bg7 3. Bg2 e5 4. Nc3 Ne7 5. d3 O-O 6. Nf3 c6 7. d4 d6 8. O-O Nd7 9. e4 Qc7 10. Bg5 Re8 11. Qd2 Nf8 12. d5 f5 13. c5 cxd5 14. Nxd5 Nxd5 15. Qxd5+ Be6 16. Qxd6 Rac8 17. Qxc7 Rxc7 18. Rfc1 Rec8 19. Be3 Nd7 20. b4 a5 21. a3 Bb3 22. Rab1 a4 23. Nd2 Be6 24. Nc4 Bxc4 25. Rxc4 b6 26. Rbc1 bxc5 27. bxc5 f4 28. gxf4 exf4 29. Bxf4 Rxc5 30. Rxc5 Rxc5 31. Rd1 Ne5 32. Bg3 Nc4 33. Rc1 Bd4 34. e5 Nxa3 35. Rd1 Nc2 36. e6 a3 37. Bd6 Rb5 38. e7 Kf7 39. Bc6 1-0


[Site "https://www.chess.com"]

[Event "Titled Tuesday Blitz August 16 Late 2022"]
[White "Levine, David"]
[Black "Reprintsev, Alexander"]
[WhiteFideId "2011611"]
[BlackFideId "14100541"]
[WhiteElo "2068"]
[BlackElo "2108"]
[Result "0-1"]
[Round "02"]
[TimeControl "180+1"]
[Date "2022.08.18"]
[WhiteClock "0:00:00"]
[BlackClock "0:00:00"]

1. d4 d5 2. c4 e5 3. dxe5 d4 4. Nf3 Nc6 5. a3 g6 6. Bg5 Qd7 7. Nbd2 h6 8. Bf4 Bg7 9. Nb3 f6 10. exf6 Bxf6 11. Qd3 Nge7 12. Rd1 Qf5 13. Bxc7 O-O 14. Qxf5 Nxf5 15. g3 Be6 16. Nbxd4 Ncxd4 17. Nxd4 Nxd4 18. Bg2 Bxc4 19. Bxb7 Rae8 20. Rd2 Bxe2 21. Bd5+ Kg7 0-1


[Site "https://www.chess.com"]

[Event "Titled Tuesday Blitz August 16 Late 2022"]
[White "Levine, Joseph"]
[Black "Tanenbaum, Zachary"]
[WhiteFideId "30940346"]
[BlackFideId "2060850"]
[WhiteElo "1810"]
[BlackElo "2175"]
[Result "1-0"]
[Round "02"]
[TimeControl "180+1"]
[Date "2022.08.16"]
[WhiteClock "0:00:56"]
[BlackClock "0:00:04"]

1. e4 e5 2. Nf3 Nc6 3. Bc4 Nf6 4. d3 Be7 5. c3 O-O 6. O-O d5 7. exd5 Nxd5 8. Re1 Bg4 9. h3 Bh5 10. Nbd2 a6 11. Ne4 Nb6 12. Bb3 Bd6 13. Ng3 Bg6 14. Bg5 Qd7 15. Nh4 Be7 16. Bxe7 Qxe7 17. Qg4 Bxd3 18. Rad1 Rad8 19. Nh5 g6 20. Rxd3 Kh8 21. Rxd8 Qxd8 22. Ng3 f5 23. Nxg6+ hxg6 24. Qxg6 Qf6 25. Qh5+ Kg7 26. Bc2 e4 27. Bxe4 fxe4 28. Rxe4 Ne7 29. Rg4+ Ng6 30. f4 Rh8 31. Qc5 Kh6 32. Nf5+ Kh7 33. Qxc7+ Kg8 34. Rxg6+ Qxg6 35. Ne7+ Kf7 36. Nxg6+ Kxg6 37. Qxb6+ Kg7 38. Qxb7+ Kh6 39. Qxa6+ Kg7 40. Qb7+ Kh6 41. Qb6+ Kh7 42. Qc7+ Kg6 43. Qd6+ Kh7 44. f5 Rg8 45. Qg6+ Kh8 46. Qh6# 1-0


[Site "https://www.chess.com"]

[Event "Titled Tuesday Blitz August 16 Late 2022"]
[White "Lopez Perdomo, Juan David"]
[Black "Przybylski, Wojciech"]
[WhiteFideId "4405137"]
[BlackFideId "1117599"]
[WhiteElo "1965"]
[BlackElo "2133"]
[Result "0-1"]
[Round "02"]
[TimeControl "180+1"]
[Date "2022.08.18"]
[WhiteClock "0:00:00"]
[BlackClock "0:00:00"]

1. e4 c5 2. d4 cxd4 3. c3 d3 4. Nf3 Nc6 5. Bxd3 e5 6. O-O Be7 7. Re1 Nf6 8. Nbd2 O-O 9. Nf1 d5 10. exd5 Qxd5 11. Ng3 Bg4 12. Ne4 Rad8 13. Nxf6+ Bxf6 14. Re3 e4 15. Qa4 Bxf3 16. Bc2 Bd1 17. c4 Bxc2 0-1


[Site "https://www.chess.com"]

[Event "Titled Tuesday Blitz August 16 Late 2022"]
[White "Maltsevskaya, Aleksandra"]
[Black "Babazada, Khazar"]
[WhiteFideId "24174041"]
[BlackFideId "13413554"]
[WhiteElo "2243"]
[BlackElo "2409"]
[Result "1-0"]
[Round "02"]
[TimeControl "180+1"]
[Date "2022.08.16"]
[WhiteClock "0:01:09"]
[BlackClock "0:01:08"]

1. e4 g6 2. d4 Bg7 3. Nf3 d6 4. c3 Nf6 5. Bd3 O-O 6. O-O Nc6 7. Bg5 e5 8. h3 h6 9. Bh4 Qe8 10. Na3 a6 11. Re1 Nh5 12. Bf1 g5 13. Bg3 Nxg3 14. fxg3 Nd8 15. Nc4 g4 16. hxg4 Bxg4 17. Ne3 Bxf3 18. Qxf3 exd4 19. Nf5 Ne6 20. Qg4 Kh8 21. cxd4 Rg8 22. Qh5 Qf8 23. e5 dxe5 24. dxe5 Rd8 25. Rad1 Rxd1 26. Rxd1 Qc5+ 27. Kh1 Qxe5 28. Rd7 Qe1 29. Nxh6 1-0


[Site "https://www.chess.com"]

[Event "Titled Tuesday Blitz August 16 Late 2022"]
[White "Martic, Ivan"]
[Black "Rodrigues, Bruno Morado"]
[WhiteFideId "929301"]
[BlackFideId "2115654"]
[WhiteElo "2355"]
[BlackElo "2040"]
[Result "1-0"]
[Round "02"]
[TimeControl "180+1"]
[Date "2022.08.18"]
[WhiteClock "0:00:00"]
[BlackClock "0:00:00"]

1. d4 d5 2. Nf3 Nf6 3. e3 e6 4. b3 c6 5. Bb2 Nbd7 6. Bd3 Bd6 7. O-O O-O 8. c4 Qe7 9. Nc3 dxc4 10. Bxc4 e5 11. Qc2 e4 12. Nd2 Re8 13. Rae1 Bxh2+ 14. Kxh2 Ng4+ 15. Kg3 Qg5 16. f4 exf3 17. Nxf3 Qg6 18. Qxg6 1-0


[Site "https://www.chess.com"]

[Event "Titled Tuesday Blitz August 16 Late 2022"]
[White "Martin Barcelo, Carles"]
[Black "Zivkovic, Nemanja"]
[WhiteFideId "24561444"]
[BlackFideId "942154"]
[WhiteElo "1922"]
[BlackElo "2372"]
[Result "0-1"]
[Round "02"]
[TimeControl "180+1"]
[Date "2022.08.18"]
[WhiteClock "0:00:00"]
[BlackClock "0:00:00"]

1. e4 c5 2. Nf3 e6 3. c3 Nf6 4. e5 Nd5 5. d4 cxd4 6. cxd4 d6 7. Nc3 Nc6 8. exd6 Bxd6 9. Nxd5 exd5 10. Be2 O-O 11. O-O Bg4 12. h3 Bh5 13. Be3 Qb6 14. Qd2 Rfe8 15. Rfe1 Bb4 16. Qd3 Bxe1 17. Rxe1 Qxb2 18. Qf5 Bxf3 19. Bxf3 Nxd4 20. Qxd5 Nxf3+ 21. Qxf3 Qxa2 22. Qxb7 a5 23. Rd1 a4 24. Kh2 a3 25. h4 Qb2 26. Qxb2 axb2 27. Rb1 Rab8 28. Bd4 Re2 29. Kg3 h5 30. Kf3 Rc2 31. Ke4 Rb3 32. g3 f6 33. Kd5 Kf7 34. Ke4 Ke6 35. Be3 Re2 36. Kf3 Rexe3+ 37. fxe3 Ke5 38. Ke2 Kf5 39. Kf3 g5 40. Ke2 Kg4 41. hxg5 fxg5 42. e4 h4 43. gxh4 gxh4 44. e5 Kf5 45. Kd2 Kxe5 46. Kc2 Rb4 47. Re1+ Kf4 48. Kb1 h3 49. Re8 Kg3 50. Re3+ Kg2 51. Re2+ Kf3 52. Rc2 Rb3 53. Rd2 Kg3 54. Rd8 h2 55. Rg8+ Kf2 56. Rh8 Kg2 0-1


[Site "https://www.chess.com"]

[Event "Titled Tuesday Blitz August 16 Late 2022"]
[White "Martinez Reyes, Pedro Ramon"]
[Black "Harshavardhan G B"]
[WhiteFideId "3901807"]
[BlackFideId "25059009"]
[WhiteElo "2327"]
[BlackElo "1890"]
[Result "0-1"]
[Round "02"]
[TimeControl "180+1"]
[Date "2022.08.18"]
[WhiteClock "0:00:00"]
[BlackClock "0:00:00"]

1. e4 e5 2. Nf3 Nc6 3. Bb5 a6 4. Ba4 d6 5. Bxc6+ bxc6 6. d4 exd4 7. Qxd4 c5 8. Qd3 Ne7 9. Nc3 Ng6 10. h4 h5 11. Bg5 Be7 12. Nd5 Bxg5 13. Nxg5 c6 14. Nc3 f6 15. Nf3 Bg4 16. O-O-O O-O 17. Qxd6 Qb6 18. Na4 Qa5 19. b3 Qb4 20. Rhe1 Qa3+ 21. Kb1 Rab8 22. Ka1 Rb5 23. Qxc6 Rfb8 24. Rb1 Kh7 25. Nd2 Ne5 26. Qd6 Rb4 27. f4 Rxa4 28. Rb2 Nd7 29. e5 Rd4 0-1


[Site "https://www.chess.com"]

[Event "Titled Tuesday Blitz August 16 Late 2022"]
[White "Martinez, Shawn"]
[Black "Potapova, Margarita"]
[WhiteFideId "2039770"]
[BlackFideId "14126869"]
[WhiteElo "2174"]
[BlackElo "2225"]
[Result "0-1"]
[Round "02"]
[TimeControl "180+1"]
[Date "2022.08.18"]
[WhiteClock "0:00:00"]
[BlackClock "0:00:00"]

1. e4 c5 2. Nc3 d6 3. Bb5+ Nd7 4. f4 a6 5. Bxd7+ Bxd7 6. Nf3 g6 7. d3 Bg7 8. O-O e6 9. Qe1 Ne7 10. f5 exf5 11. Qh4 Qc7 12. Bg5 Be6 13. Bf6 Bxf6 14. Qxf6 O-O-O 15. Ng5 Qd7 16. a4 Kb8 17. a5 Nc6 18. Na4 Qe7 19. Qxe7 Nxe7 20. Nb6 h6 21. Nf3 Nc6 22. c3 fxe4 23. dxe4 f5 24. exf5 Bxf5 25. Rfe1 Rhe8 26. Nh4 Ne5 27. Nd5 Nd3 28. Rxe8 Rxe8 29. Nxf5 gxf5 30. b4 c4 31. Nb6 Re2 32. Nxc4 Kc7 33. Nb6 Nf4 34. g3 Nh3+ 35. Kh1 Nf2+ 36. Kg2 Ne4+ 37. Kh3 Ng5+ 38. Kh4 Rxh2# 0-1


[Site "https://www.chess.com"]

[Event "Titled Tuesday Blitz August 16 Late 2022"]
[White "Medeiros Jr, Francisco De Assis"]
[Black "Thomforde-Toates, Noah"]
[WhiteFideId "2114267"]
[BlackFideId "30951992"]
[WhiteElo "2020"]
[BlackElo "2124"]
[Result "0-1"]
[Round "02"]
[TimeControl "180+1"]
[Date "2022.08.18"]
[WhiteClock "0:00:00"]
[BlackClock "0:00:00"]

1. d4 Nf6 2. Nf3 g6 3. Bg5 Bg7 4. Nbd2 d5 5. e3 O-O 6. Bd3 Nbd7 7. c3 b6 8. O-O Bb7 9. Qe2 c5 10. Ba6 Qc8 11. Bxb7 Qxb7 12. Rfe1 e6 13. h3 Rfe8 14. Qd3 e5 15. dxe5 Nxe5 16. Nxe5 Rxe5 17. Nf3 Re6 18. Bxf6 Bxf6 19. Rad1 Rd8 20. Qc2 Kg7 21. Rd2 d4 22. cxd4 cxd4 23. exd4 Rxe1+ 24. Nxe1 Rxd4 25. Rxd4 Bxd4 26. Nf3 Bf6 27. b3 Qd5 28. Qd2 Qxd2 29. Nxd2 Bc3 30. Ne4 Bb4 31. Kf1 f5 32. Ng3 Kf6 33. Ke2 Ke5 34. Kd3 h5 35. Ne2 g5 36. Nd4 Bc5 37. Nf3+ Kf4 38. Ke2 g4 39. g3+ Ke4 40. hxg4 fxg4 41. Ng5+ Kf5 42. f4 Be7 43. Nf7 h4 44. Nh6+ Ke4 45. Kf2 Bc5+ 46. Kg2 h3+ 47. Kh2 Kf3 48. f5 Bd6 49. f6 Bxg3+ 50. Kg1 Bd6 51. Nf5 Bc5+ 52. Kh1 g3 53. Nh4+ Kf2 54. f7 g2+ 0-1


[Site "https://www.chess.com"]

[Event "Titled Tuesday Blitz August 16 Late 2022"]
[White "Meduri, Aakaash"]
[Black "Mikhailov, Viacheslav"]
[WhiteFideId "2032252"]
[BlackFideId "4187369"]
[WhiteElo "2113"]
[BlackElo "2381"]
[Result "0-1"]
[Round "02"]
[TimeControl "180+1"]
[Date "2022.08.18"]
[WhiteClock "0:00:00"]
[BlackClock "0:00:00"]

1. d4 c5 2. e4 cxd4 3. c3 d3 4. Nf3 Nc6 5. Bxd3 g6 6. c4 Bg7 7. Nc3 d6 8. O-O Nf6 9. h3 O-O 10. Be3 a6 11. Rc1 Be6 12. Qd2 Rc8 13. b3 Qa5 14. Bh6 Qh5 15. Bxg7 Kxg7 16. Ng5 h6 17. Nxe6+ fxe6 18. f4 e5 19. f5 Qg5 20. Qe1 Nd4 21. Rd1 Nh5 22. h4 Qg3 23. Ne2 Nxe2+ 24. Bxe2 Qxe1 25. Rdxe1 Ng3 26. Rf3 Nxe4 27. fxg6 Nc5 28. h5 Rxf3 29. Bxf3 Rf8 30. Rf1 a5 31. Bd5 Rxf1+ 32. Kxf1 e4 33. Bf7 a4 34. b4 Nd3 35. a3 Ne5 36. Be8 Nxc4 37. Bxa4 Nxa3 38. Ke2 Nc4 39. Bb5 d5 40. Bd7 Kf6 41. Bc8 b6 42. Bb7 Nb2 43. g4 Nd3 44. Bxd5 Nf4+ 45. Ke3 Nxd5+ 46. Kxe4 Nxb4 47. Kd4 Nc6+ 48. Kd5 Ne5 49. g5+ hxg5 50. h6 Kxg6 51. Kxe5 Kxh6 0-1


[Site "https://www.chess.com"]

[Event "Titled Tuesday Blitz August 16 Late 2022"]
[White "Melaugh, Shane"]
[Black "Levin, Anthony"]
[WhiteFideId "2509580"]
[BlackFideId "30940680"]
[WhiteElo "1946"]
[BlackElo "1940"]
[Result "1-0"]
[Round "02"]
[TimeControl "180+1"]
[Date "2022.08.18"]
[WhiteClock "0:00:00"]
[BlackClock "0:00:00"]

1. c4 e5 2. Nc3 Nf6 3. Nf3 Nc6 4. e4 Bc5 5. Nxe5 Nxe5 6. d4 Ng6 7. dxc5 Qe7 8. Bg5 c6 9. Bd3 O-O 10. O-O h6 11. Bxf6 Qxf6 12. Rc1 a5 13. a3 Nf4 14. Qf3 Qg5 15. Kh1 Nxd3 16. Qxd3 Qxc5 17. Rb1 b6 18. b4 axb4 19. axb4 Qe5 20. f4 Qe7 21. e5 Ba6 22. Ne4 Rfb8 23. b5 cxb5 24. cxb5 Bb7 25. Nd6 Qe6 26. Qd4 Qd5 27. Qxd5 Bxd5 28. Rbd1 Bb7 29. h3 Ra2 30. Nxb7 Rxb7 31. Rd5 Rc7 32. Rfd1 Rcc2 33. Rg1 Rd2 34. Rxd2 Rxd2 35. Rc1 Rb2 36. Rd1 Rxb5 37. Rxd7 Rb1+ 38. Kh2 b5 39. Kg3 b4 40. Rb7 b3 41. Kf3 h5 42. Kg3 g6 43. Kh4 Rb2 44. g4 hxg4 45. hxg4 Kf8 46. Kg5 Rf2 47. Rxb3 1-0


[Site "https://www.chess.com"]

[Event "Titled Tuesday Blitz August 16 Late 2022"]
[White "Melikhov, Evgeny V."]
[Black "Shuvalova, Polina"]
[WhiteFideId "4122046"]
[BlackFideId "24171760"]
[WhiteElo "1963"]
[BlackElo "2330"]
[Result "1/2-1/2"]
[Round "02"]
[TimeControl "180+1"]
[Date "2022.08.18"]
[WhiteClock "0:00:00"]
[BlackClock "0:00:00"]

1. d4 Nf6 2. c4 e6 3. Nc3 d5 4. cxd5 Nxd5 5. e4 Nxc3 6. bxc3 c5 7. Nf3 cxd4 8. cxd4 Bb4+ 9. Bd2 Bxd2+ 10. Qxd2 O-O 11. Bd3 b6 12. O-O Nd7 13. Rfe1 Bb7 14. Rad1 Rc8 15. Bb1 h6 16. d5 exd5 17. e5 Nc5 18. Nd4 Ne4 19. Qf4 Qg5 20. Qxg5 Nxg5 21. Nf5 Rc5 22. Nd6 Ba6 23. f4 Ne6 24. f5 Nc7 25. e6 fxe6 26. fxe6 Rc6 27. e7 Rxd6 28. exf8=Q+ Kxf8 29. Bd3 Bxd3 30. Rxd3 Rc6 31. Rf3+ Kg8 32. Re7 a5 33. Rd7 Rc1+ 34. Kf2 Rc2+ 35. Kg3 Ne6 36. Rxd5 Rxa2 37. Rd6 Ng5 38. Re3 b5 39. Rd7 Ra4 40. Ree7 Kf8 41. Rxg7 Ra3+ 42. Kf2 Ne4+ 43. Ke2 Nc3+ 44. Ke1 Ra1+ 45. Kf2 a4 46. Rh7 Ne4+ 47. Ke3 Nf6 48. Rh8+ Ng8 49. Rd8+ Kf7 50. Rdxg8 a3 51. Ra8 a2 52. Rhb8 Re1+ 53. Kf2 a1=Q 54. Rxa1 Rxa1 55. Rxb5 Kg6 56. h4 Ra2+ 57. Kf3 h5 58. Rg5+ Kh6 59. Rc5 Ra3+ 60. Kf4 Ra4+ 61. Kg3 Rg4+ 62. Kh3 Ra4 63. Rc6+ Kh7 64. Rc5 Kh6 65. Rc6+ Kh7 66. Rc5 Kh6 1/2-1/2


[Site "https://www.chess.com"]

[Event "Titled Tuesday Blitz August 16 Late 2022"]
[White "Melikyan, Gnel"]
[Black "Thiel, Thomas"]
[WhiteFideId "54109990"]
[BlackFideId "4615964"]
[WhiteElo "1772"]
[BlackElo "2230"]
[Result "1-0"]
[Round "02"]
[TimeControl "180+1"]
[Date "2022.08.18"]
[WhiteClock "0:00:00"]
[BlackClock "0:00:00"]

1. e4 d5 2. exd5 Nf6 3. Nc3 Nxd5 4. Nxd5 Qxd5 5. Qf3 e6 6. Qxd5 exd5 7. d4 Bf5 8. c3 Bd6 9. Bg5 O-O 10. O-O-O h6 11. Be3 a5 12. Bd3 Bxd3 13. Rxd3 a4 14. Ne2 a3 15. b3 Nd7 16. Bf4 Bxf4+ 17. Nxf4 c6 18. Re1 Rfe8 19. Rde3 Kf8 20. Rxe8+ Rxe8 21. Rxe8+ Kxe8 22. Kc2 b5 23. Nd3 Ke7 24. Kd2 Kd6 25. Nb4 Nf6 26. f3 Nh5 27. Nc2 Nf4 28. g3 Ne6 29. Nxa3 b4 30. Nc2 bxc3+ 31. Kxc3 c5 32. a4 cxd4+ 33. Nxd4 Ng5 34. h4 Ne6 35. Nxe6 fxe6 36. f4 Kc5 37. b4+ Kc6 38. Kd4 Kd6 39. b5 1-0


[Site "https://www.chess.com"]

[Event "Titled Tuesday Blitz August 16 Late 2022"]
[White "Melkumyan, Hrant"]
[Black "Uskov, Artem"]
[WhiteFideId "13302485"]
[BlackFideId "34254854"]
[WhiteElo "2604"]
[BlackElo "2335"]
[Result "1-0"]
[Round "02"]
[TimeControl "180+1"]
[Date "2022.08.18"]
[WhiteClock "0:00:00"]
[BlackClock "0:00:00"]

1. c4 Nf6 2. Nc3 g6 3. e4 d6 4. d4 Bg7 5. Be2 O-O 6. h4 e5 7. d5 Nbd7 8. h5 Nc5 9. Bf3 a5 10. Nge2 c6 11. Ng3 cxd5 12. cxd5 b5 13. Nxb5 Ba6 14. a4 Qb6 15. O-O Nxa4 16. Be3 Qxb5 17. Rxa4 Rfb8 18. Be2 Qxb2 19. Bxa6 Rxa6 20. Qf3 Qb5 21. Rfa1 Qd3 22. h6 Bh8 23. Kh2 Rb1 24. Rxb1 Qxb1 25. Qe2 Ra8 26. f3 Qb3 27. Ra2 a4 28. Rb2 Qc3 29. Rc2 Qa5 30. Qc4 a3 31. Ra2 Nd7 32. Qc6 Qd8 33. Nf1 Nf6 34. Kg1 Ne8 35. Bb6 Qb8 36. Be3 Bf6 37. Bc1 Bd8 38. Qxe8# 1-0


[Site "https://www.chess.com"]

[Event "Titled Tuesday Blitz August 16 Late 2022"]
[White "Mihajlov, Sebastian"]
[Black "Novikova, Galina"]
[WhiteFideId "1512110"]
[BlackFideId "4157095"]
[WhiteElo "2464"]
[BlackElo "1923"]
[Result "1-0"]
[Round "02"]
[TimeControl "180+1"]
[Date "2022.08.18"]
[WhiteClock "0:00:00"]
[BlackClock "0:00:00"]

1. e4 e6 2. d4 d5 3. Nc3 Bb4 4. e5 c5 5. a3 Bxc3+ 6. bxc3 Ne7 7. h4 h6 8. Qg4 Kf8 9. Bd2 Qa5 10. h5 Qa4 11. Ra2 Nbc6 12. Nf3 b6 13. Rh3 Ba6 14. Bxa6 Qxa6 15. Nh4 Qc4 16. Rb2 cxd4 17. cxd4 Qxd4 18. Qxd4 Nxd4 19. a4 Ndc6 20. f4 d4 21. Ke2 Nd5 22. Kd3 Ke7 23. Nf3 Rhd8 24. g4 a5 25. f5 Ndb4+ 26. Ke4 d3 27. c3 Nd5 28. Nd4 Nxd4 29. cxd4 Rdc8 30. Kxd3 Rc6 31. fxe6 fxe6 32. g5 hxg5 33. Bxg5+ Kd7 34. Bd2 Rf8 35. Rg3 Rf7 36. Rb1 Kc7 37. Rbg1 Kb7 38. Rxg7 Rxg7 39. Rxg7+ Ka6 40. h6 Rc8 41. h7 Rh8 42. Ke4 b5 43. axb5+ Kxb5 44. Bg5 a4 45. Bf6 Nxf6+ 46. exf6 a3 47. f7 a2 48. Rg1 Kb4 49. Ke5 Kb3 50. Kxe6 Kb2 51. Kf6 a1=Q 52. Rxa1 Kxa1 53. Kg7 Rd8 54. h8=Q Rxd4 55. Kg6 1-0


[Site "https://www.chess.com"]

[Event "Titled Tuesday Blitz August 16 Late 2022"]
[White "Miszler, Levente"]
[Black "Leiva, Gianmarco"]
[WhiteFideId "763276"]
[BlackFideId "3804399"]
[WhiteElo "1966"]
[BlackElo "2323"]
[Result "0-1"]
[Round "02"]
[TimeControl "180+1"]
[Date "2022.08.18"]
[WhiteClock "0:00:00"]
[BlackClock "0:00:00"]

1. Nf3 d5 2. c4 e6 3. g3 Nf6 4. Bg2 Be7 5. O-O O-O 6. Qc2 d4 7. d3 c5 8. e3 Nc6 9. exd4 cxd4 10. a3 a5 11. Re1 Nd7 12. Nbd2 e5 13. b3 Re8 14. Rb1 Bf8 15. Nf1 h6 16. Bd2 Bxa3 17. Ra1 Bf8 18. b4 Nxb4 19. Bxb4 Bxb4 20. N1d2 Nc5 21. Reb1 Bf5 22. Ne4 Bxe4 23. dxe4 d3 24. Qd1 Nxe4 25. Ne1 Nxf2 26. Kxf2 Qd4+ 27. Kf1 Bc5 28. Nxd3 Qg1+ 29. Ke2 Qxg2+ 30. Ke1 e4 31. Rb2 exd3+ 0-1


[Site "https://www.chess.com"]

[Event "Titled Tuesday Blitz August 16 Late 2022"]
[White "Nakamura, Hikaru"]
[Black "Tatarinov, Dmitry"]
[WhiteFideId "2016192"]
[BlackFideId "24160067"]
[WhiteElo "2850"]
[BlackElo "2324"]
[Result "1-0"]
[Round "02"]
[TimeControl "180+1"]
[Date "2022.08.16"]
[WhiteClock "0:02:12"]
[BlackClock "0:01:42"]

1. g3 d5 2. Bg2 c6 3. d3 e5 4. Nd2 Nf6 5. e4 dxe4 6. dxe4 Bg4 7. Ngf3 Nbd7 8. h3 Bxf3 9. Qxf3 Bc5 10. Qe2 a5 11. a4 O-O 12. O-O Re8 13. Nc4 Qc7 14. h4 Nf8 15. Bh3 Ne6 16. c3 b6 17. Bg5 Nd7 18. Rad1 Ndf8 19. Bc1 b5 20. axb5 cxb5 21. Ne3 a4 22. Qxb5 Bxe3 23. Bxe3 Reb8 24. Qe2 Nc5 25. Qc4 Nce6 26. Qxc7 Nxc7 27. Rd2 Nce6 28. Rfd1 a3 29. bxa3 Rxa3 30. Rd5 f6 31. Rd6 Re8 32. Rc6 h5 33. Rb1 Re7 34. Rb8 Kf7 35. Bf1 Rc7 36. Rxc7+ Nxc7 37. Rxf8+ Kxf8 38. Bc5+ Kf7 39. Bc4+ 1-0


[Site "https://www.chess.com"]

[Event "Titled Tuesday Blitz August 16 Late 2022"]
[White "Nazaretyan, Tigran"]
[Black "Tristan, Leonardo"]
[WhiteFideId "24162345"]
[BlackFideId "113816"]
[WhiteElo "2183"]
[BlackElo "2404"]
[Result "0-1"]
[Round "02"]
[TimeControl "180+1"]
[Date "2022.08.16"]
[WhiteClock "0:00:05"]
[BlackClock "0:00:13"]

1. d4 d5 2. c4 e6 3. Nf3 Nf6 4. Nc3 a6 5. e3 b6 6. b3 Bb7 7. Bd3 Bd6 8. O-O O-O 9. Bb2 Nbd7 10. Qc2 dxc4 11. Bxc4 Bxf3 12. gxf3 e5 13. Ne2 Qe7 14. Ng3 g6 15. Rad1 b5 16. Bd3 c5 17. Rfe1 Rac8 18. Qd2 Rfd8 19. Re2 h5 20. Qe1 h4 21. Ne4 Nxe4 22. Bxe4 exd4 23. exd4 Qg5+ 24. Kh1 Qf4 25. Qg1 c4 26. Bc1 Qf6 27. Bg5 Qe6 28. Bxd8 Rxd8 29. bxc4 bxc4 30. Rde1 Qf6 31. Qg4 Qxd4 32. Qxh4 Nf6 33. Qg5 Kg7 34. Rd2 Qc3 35. Red1 Nxe4 36. fxe4 Qf3+ 37. Qg2 Qf4 38. Rd5 c3 39. f3 Rc8 40. Rxd6 c2 41. Qg3 c1=Q 42. Rxc1 Rxc1+ 43. Kg2 Rc2+ 44. Kh3 Qh6+ 45. Kg4 Rxh2 46. Qe5+ Kh7 47. Qg5 Rg2+ 0-1


[Site "https://www.chess.com"]

[Event "Titled Tuesday Blitz August 16 Late 2022"]
[White "Nozdrachev, Leonid"]
[Black "Pakleza, Zbigniew"]
[WhiteFideId "24113433"]
[BlackFideId "1119290"]
[WhiteElo "2100"]
[BlackElo "2411"]
[Result "0-1"]
[Round "02"]
[TimeControl "180+1"]
[Date "2022.08.16"]
[WhiteClock "0:00:01"]
[BlackClock "0:00:08"]

1. e4 d6 2. d4 Nf6 3. Nc3 c6 4. f4 Qb6 5. Nf3 Bg4 6. Bd3 e5 7. d5 Nbd7 8. dxc6 bxc6 9. Qe2 Be7 10. Qf2 Bxf3 11. Qxf3 O-O 12. Bd2 Qxb2 13. O-O Qb6+ 14. Be3 Qa5 15. Bd2 exf4 16. Qxf4 Qe5 17. Qf3 Rab8 18. Kh1 Qe6 19. Ne2 Ne5 20. Qg3 Qg4 21. Bc3 Qxg3 22. Nxg3 g6 23. Kg1 Nfd7 24. Be2 Rfd8 25. Rfb1 Bf6 26. Rb3 Nc5 27. Ra3 a6 28. Rd1 h5 29. Kf1 Kg7 30. Bxa6 Ra8 31. Bb4 Nxa6 32. Bxd6 Nc4 33. Rad3 Nb2 0-1


[Site "https://www.chess.com"]

[Event "Titled Tuesday Blitz August 16 Late 2022"]
[White "Omariev, Maksim"]
[Black "Bongo Akanga Ndjila, Barthelemy"]
[WhiteFideId "4193423"]
[BlackFideId "10609431"]
[WhiteElo "2304"]
[BlackElo "1768"]
[Result "1-0"]
[Round "02"]
[TimeControl "180+1"]
[Date "2022.08.18"]
[WhiteClock "0:00:00"]
[BlackClock "0:00:00"]

1. g4 d5 2. Bg2 h5 3. g5 g6 4. d4 Bg7 5. h4 Bf5 6. c3 e6 7. Qb3 Qc8 8. Bf4 Ne7 9. Nd2 O-O 10. f3 Nd7 11. e4 dxe4 12. fxe4 Bg4 13. Nc4 Rb8 14. Ne3 e5 15. Nxg4 hxg4 16. Be3 exd4 17. cxd4 c5 18. d5 c4 19. Qc2 Ne5 20. Bf1 Nd3+ 21. Bxd3 cxd3 22. Qxd3 Bxb2 23. Rb1 Bc3+ 24. Kf2 f6 25. Kg2 Be5 26. gxf6 Rxf6 27. Bf2 b5 28. Rxb5 Rxb5 29. Qxb5 Qc2 30. Ne2 Qxa2 31. Rf1 Kf7 32. Qd7 g3 33. Nxg3 Bxg3 34. Kxg3 Qb3+ 35. Kg2 Qf3+ 36. Kg1 Qxe4 37. d6 1-0


[Site "https://www.chess.com"]